 Dungeon Crawl Stone Soup version 0.28.0 (webtiles) character file.

Game seed: 3750615256276201313

711 egresovca the Conjurer (level 7, 0/41 HPs)
             Began as a Demonspawn Conjurer on Feb 16, 2022.
             Was an Initiate of Vehumet.
             Slain by Dowan (5 damage)
             ... on level 4 of the Dungeon.
             The game lasted 00:07:02 (3785 turns).

egresovca the Conjurer (Demonspawn Conjurer)        Turns: 3785, Time: 00:07:03

Health: 0/41       AC:  0    Str:  6    XL:     7   Next: 40%
Magic:  5/13       EV: 12    Int: 27    God:    Vehumet [......]
Gold:   158        SH:  0    Dex: 11    Spells: 8/15 levels left

rFire   . . .      SeeInvis .   d - +2 dagger (venom)
rCold   . . .      Faith    .   (no shield)
rNeg    . . .      Spirit   .   (no armour)
rPois   .          Reflect  .   (no helmet)
rElec   .          Harm     .   (no cloak)
rCorr   .          Rampage  .   (no gloves)
Will    .....                   (no boots)
Stlth   ++........              (no amulet)
HPRegen 0.13/turn               a - +6 ring of intelligence
MPRegen 0.26/turn               (no ring)

@: no status effects
A: magic regeneration, demonic touch 1, frail 1, sense surroundings 1, weak 1
a: Renounce Religion


You were on level 4 of the Dungeon.
You worshipped Vehumet.
Vehumet was noncommittal.
You visited 1 branch of the dungeon, and saw 4 of its levels.

You collected 158 gold pieces.

Inventory:

Hand Weapons
 c - a +0 mace
 d - a +2 dagger of venom (weapon)
 j - a +0 dagger of venom
Armour
 k - a +2 robe of willpower
Jewellery
 a - a +6 ring of intelligence (left hand)
Scrolls
 b - 2 scrolls of identify
 f - a scroll of holy word {unknown}
 i - a scroll of teleportation
 o - a scroll of enchant weapon
Potions
 e - a potion of resistance
 h - 2 potions of heal wounds


   Skills:
 - Level 0.1 Maces & Flails
 - Level 1.7 Dodging
 - Level 1.9 Stealth
 + Level 4.6 Spellcasting
 + Level 6.2 Conjurations
 * Level 4.4 Hexes


You had 8 spell levels left.
You knew the following spells:

 Your Spells              Type           Power      Damage    Failure   Level
a - Magic Dart            Conj           100%       1d8       1%          1
b - Searing Ray           Conj           80%        2d7       1%          2
c - Fulminant Prism       Conj/Hex       17%        3d11      9%          4

Your spell library contained the following spells:

 Spells                   Type           Power      Damage    Failure   Level
 Dazzling Flash           Conj/Hex       70%        N/A       2%          3
 Mephitic Cloud           Conj/Pois/Air  17%        N/A       10%         3
 Iskenderun's Mystic Bla  Conj/Tloc      23%        2d6       21%         4
 Ignite Poison            Fire/Tmut/Pois 6%         N/A       22%         3
 Freezing Cloud           Conj/Ice/Air   8%         6-21      65%         5


Dungeon Overview and Level Annotations

Branches:
Dungeon (4/15)
 Temple: D:4-7

Altars:
Ashenzari
Vehumet

Annotations:
D:4 Dowan


Innate Abilities, Weirdness & Mutations

You regenerate magic rapidly.
Your touch may inflict minor irresistible damage on your foes.
You are frail. (-10% HP)
You passively map a small area around you.
You are weak. (Str -2)


Message History

The blast of energy engulfs Duvessa!!
You kill Duvessa!
Vehumet accepts your kill.
Something screams, "No!
No!
NO!"
You hear a shout!
Unknown command.
Aiming: Searing Ray (safe; 1% risk of failure)
Press: ? - help, Q - select action, (/) - cycle Shift-Dir - straight line, f - you The searing ray hits something but does no damage. (Press . to maintain the ray.)
The searing ray hits something.
Something hits you.
The searing ray hits something.
Something hits you.
A kobold comes into view. It is wielding a +0 short sword.
The searing ray hits something!
You finish channelling your searing ray.
Something hits you.
You hear some strange, mumbled words.
You swing at nothing.
You hear some strange, mumbled words.
You miss something. Your touch misses something.
You hear some strange, mumbled words.
Something hits you.
You swing at nothing.
You hear some strange, mumbled words.
A shard of ice appears from out of thin air!
The shard of ice misses you.
You miss something.
You hear some strange, mumbled words.
Something hits you.
You hear some strange, mumbled words.
You hear some strange, mumbled words.
A stone arrow appears from out of thin air!
The stone arrow hits you!
* * * LOW HITPOINT WARNING * * *
You hear some strange, mumbled words.
Something hits you.
* * * LOW HITPOINT WARNING * * *
You hit something but do no damage. Your touch misses something.
Something hits you.
You die...

* **** #.# #...# * #.#
#...######** * #)#
#......... #.# #..###*
* #.# #^...# ,
#######.########.##.#
,.........K.......##.#
##########.########.#
,, * #@# #.# * #.#
#.#, , #.# ##.#, **
#.# #..# * * #.# #.##
* ### #.# * * * #.#, *
..# #.# * , * #.# #.#
,


You could see a kobold.

Vanquished Creatures
  Sigmund (D:3)
  Duvessa (D:4)
  A black bear (D:3)
  An ogre (D:3)
  2 orc priests (D:3)
  Jessica (D:3)
  A hound skeleton (D:4)
  9 adders
  An ufetubus (D:4)
  An adder skeleton (D:4)
  A worm (D:2)
  13 orcs
  5 endoplasms
  2 giant cockroaches
  5 goblins
  11 hobgoblins
  2 jackals (D:1)
  5 kobolds
  2 quokkas
  4 ball pythons
  4 bats
  6 frilled lizards
  5 rats
84 creatures vanquished.

Vanquished Creatures (others)
  5 fulminant prisms
5 creatures vanquished.

Grand Total: 89 creatures vanquished

Notes
Turn   | Place    | Note
-------+----------+-------------------------------------------
     0 | D:1      | egresovca the Demonspawn Conjurer began the quest for the
                  | Orb.
     0 | D:1      | Reached XP level 1. HP: 13/13 MP: 3/3
   197 | D:1      | Found a faded altar of an unknown god.
   308 | D:1      | Gained mutation: Your touch may inflict minor irresistible
                  | damage on your foes. [demonic ancestry]
   308 | D:1      | Reached XP level 2. HP: 19/19 MP: 1/5
   425 | D:1      | Learned a level 2 spell: Searing Ray
  1011 | D:2      | Gained mutation: You regenerate magic rapidly. [demonic
                  | ancestry]
  1011 | D:2      | Reached XP level 3. HP: 24/24 MP: 2/6
  1607 | D:2      | Reached XP level 4. HP: 21/30 MP: 3/8
  1611 | D:2      | Reached skill level 5 in Conjurations
  2154 | D:3      | Noticed an ogre
  2156 | D:3      | Found a radiant altar of Vehumet.
  2156 | D:3      | Noticed a black bear
  2170 | D:3      | Found a transporter.
  2178 | D:3      | Found a transporter.
  2309 | D:3      | Reached XP level 5. HP: 35/35 MP: 6/10
  2314 | D:3      | Learned a level 4 spell: Fulminant Prism
  2495 | D:3      | Noticed Sigmund
  2505 | D:3      | Gained mutation: You are weak. (Str -2) [potion of
                  | mutation]
  2505 | D:3      | Gained mutation: You are frail. (-10% HP) [potion of
                  | mutation]
  2505 | D:3      | Gained mutation: You passively map a small area around you.
                  | [potion of mutation]
  2519 | D:3      | Killed Sigmund
  2520 | D:3      | Reached XP level 6. HP: 36/36 MP: 10/12
  2759 | D:3      | Found a broken altar of Ashenzari.
  2778 | D:3      | HP: 1/36 [quokka (3)]
  2823 | D:3      | Noticed Jessica
  3102 | D:3      | Killed Jessica
  3596 | D:3      | Reached skill level 6 in Conjurations
  3596 | D:3      | Reached XP level 7. HP: 40/41 MP: 6/13
  3612 | D:3      | Became a worshipper of Vehumet
  3764 | D:4      | Noticed Duvessa
  3765 | D:4      | Noticed Dowan
  3771 | D:4      | Killed Duvessa
  3785 | D:4      | Slain by Dowan

Illustrated notes

Levels and vault maps discovered:
D:1:      sevenhm_arrival_forest_fort_small_4, layout_basic,
          hellmonk_ecumenical_altar_pennies_from_heaven, serial_park_tiny_pond
D:2:      layout_loops_ring
D:3:      layout_loops_cross, gammafunk_temple_overflow_arena,
          nicolae_overflow_crystal_walls, uniq_sigmund, uniq_jessica
D:4:      layout_loops_ring, mainiacjoe_overflow_six_doors_small,
          uniq_crazy_yiuf_cottage, uniq_pikel, uniq_duvessa

Skill      XL: |  1  2  3  4  5  6  7 |
---------------+----------------------+-----
Spellcasting   | 3 4 |  4.6
Conjurations   | 5 6 |  6.2
Hexes          | 2 3 4 |  4.4
Maces & Flails | |  0.1
Dodging        | |  1.7
Stealth        | |  1.9

Action                   |  1- 3 |  4- 6 |  7- 9 || total
-------------------------+-------+-------+-------++-------
Melee: Mace              |     9 |       |       ||     9
       Touch             |     8 |     5 |       ||    13
       Dagger            |    29 |    32 |     3 ||    64
       Punch             |     1 |     1 |       ||     2
 Cast: Magic Dart        |    16 |       |       ||    16
       Searing Ray       |    11 |    20 |     4 ||    35
       Fulminant Prism   |       |     3 |     2 ||     5
  Use: Potion            |       |     5 |       ||     5
       Scroll            |       |     7 |       ||     7
 Stab: Sleeping          |     1 |     2 |       ||     3
Armor: Robe              |    10 |     5 |       ||    15
Dodge: Dodged            |    26 |    27 |     2 ||    55
